← All builds
Front / Cortex / Economy first / OBSERVED BUILD

Standard front

The role's baseline: fast Bot Lab, economy first, then a Thug/Grunt/Aggravator mix moves up to hold the wider gap and contest middle with the ally.

#defence · 168 distinct matches · 58 players · 65% of Cortex Front games · team won 42% of 170 · Recently observed

HOW TO PLAY IT

Key timing: Bot Lab by 0:40

  1. Take 3 mex, then wind before opening Bot Lab.
  2. Finish Bot Lab, start producing Thug, Grunt and Aggravator.
  3. Send early units to coast first to stop leaks, not straight to mid.
  4. Add Twin Guard and Radar Tower to hold the wider gap.
  5. Bring Advanced Metal Extractor online as army transitions to T2.

Phase by phase

TYPICAL OF ITS 168 GAMES
  1. 1
  2. 2
  3. 3
PLAY THE OPENING

Follow the example game's first 6:00 step by step: what to build now, what comes next, and where it goes. At 1× it keeps pace with your own game.

  1. 1

    Up to the Bot Lab

    Economy
    • Metal Extractor2Mex
    Order
    1. Bot LabBot Lab after 2 mex, 1 winddone ~0:40, middle half 0:34–0:46

    Some games also: wind (48%)

    By 0:24 in all: 2 mex

    The example game in this phase · 2 steps
    1. Mex ×3
    2. Bot LabBot Labdone 0:47 · typical 0:40
  2. 2

    Bot Lab to 5:00

    Economy
    • Metal Extractor4Mex
    • Wind Turbine4Wind
    Builders
    • Construction Bot3 Con bot
    • Graverobber2 Graverobber
    Army
    • Guard2 Guard
    • Thug6 Thug
    • Grunt4 Grunt
    • Aggravator3 Aggravator

    Some games also: con turret (43%) · Radar Tower (35%)

    By 5:00 in all: 6 mex · 5 wind

    The example game in this phase · 21 steps
    1. GruntGrunt ×2
    2. Construction BotCon bot
    3. GraverobberGraverobber
    4. Con turret
    5. GruntGrunt ×2
    6. ThugThug ×2
    7. Mex
    8. ThugThug ×3
    9. Construction BotCon bot
    10. GruntGrunt ×3
    11. Mex
    12. GruntGrunt
    13. ThugThug
    14. GuardGuard ×2
    15. ThugThug
    16. Mex
    17. GraverobberGraverobber
    18. Construction BotCon bot
    19. ThugThug ×4
    20. Con turret
    21. ThugThug ×3
  3. 3

    5:00 to 10:00

    Economy
    • Metal Extractor1Mex
    • Wind Turbine17Wind
    Builders
    • Construction Turret2 Con turret
    • Graverobber1 Graverobber
    • Construction Bot1 Con bot
    Army
    • Guard1 Guard
    • Grunt7 Grunt
    • Thug1 Thug

    Some games also: aggravator (44%) · energy storage (42%) · Twin Guard (38%) · converter (35%) · Radar Tower (34%)

    By 10:00 in all: 7 mex · 24 wind · 3 con turret

    The example game in this phase · 51 steps
    1. ThugThug ×2
    2. Wind
    3. ThugThug
    4. Wind ×2
    5. ThugThug
    6. Wind ×2
    7. ThugThug
    8. Wind ×2
    9. ThugThug
    10. Wind
    11. Construction BotCon bot
    12. Wind
    13. Metal storage
    14. Construction BotCon bot
    15. Wind ×2
    16. ThugThug
    17. Wind ×4
    18. Con turret
    19. AgitatorAgitatordone 8:01
    20. Wind ×3
    21. Advanced Metal ExtractorT2 mexdone 8:27 · typical 9:05
    22. Wind
    23. Advanced Metal ExtractorT2 mex
    24. Wind ×6
    25. Dragon's TeethDragon's Teeth ×3
    26. Wind
    27. Dragon's TeethDragon's Teeth ×3
    28. Wind
    29. Dragon's TeethDragon's Teeth ×6
    30. Wind ×2
    31. Dragon's TeethDragon's Teeth ×2
    32. Wind
    33. Dragon's TeethDragon's Teeth
    34. Advanced Metal ExtractorT2 mex
    35. Wind ×3
    36. Advanced Metal ExtractorT2 mex
    37. Wind ×5
    38. Con turret
    39. Wind ×4
    40. Con turret
    41. Advanced Metal ExtractorT2 mex
    42. Wind ×6
    43. Con turret
    44. RattlesnakeRattlesnakenot finished by 15:00
    45. Con turret ×2
    46. Wind ×7
    47. Con turret ×3
    48. Converter
    49. Fusion ReactorFusionnot finished by 15:00
    50. Con turret ×4
    51. Converter ×2

Counts are medians over the build's games: half of them build more, half fewer. The example game is iLike2Eco's (36 OS, 16/09/2026); pick another.

Team trades

IN AT LEAST 30% OF ITS GAMES

You hand over

Nothing regular.

You get

  • Tidal Generator4 Tidal from Pondfirst at 0:17 · in 67% of games
  • Advanced Construction Bot1 T2 con bot from Geo or Techfirst at 7:26 · in 68% of games

How it plays out

Typical game of this build, running totals by minute

Metal produced

010k20k30k
0:005:0010:0015:00

metal

Enemy metal destroyed

02.5k5k7.5k
0:005:0010:0015:00

metal

Own metal lost

05k10k
0:005:0010:0015:00

metal

170 games.

Show as table
ByMetal produced: This buildEnemy metal destroyed: This buildOwn metal lost: This build
1:0033100
2:0086500
3:0016368582
4:002700346346
5:003812927944
6:00505516661729
7:00634423972625
8:00767132793691
9:00908138374391
10:001085443635097
11:001279249895920
12:001497752767008
13:001737159027663
14:001987662748693
15:002280569019752
WHAT THE NUMBERS SAY

This build has the worst win rate of the roles shown and trails Suicide front on kills while losing nearly as much metal.

  • + Produces more metal than Suicide front by 15:00 (22286 vs 18297).
  • + T2 constructor lands slightly faster (7:41) than Suicide front's 8:07.
  • − Loses 9797 own metal by 15:00, close to what it destroys (6775).
  • − Wins only 40% of games, well below every other role shown.
THE EXAMPLE YOU ARE READING

iLike2Eco

35.9 OS · 16/09/2026

Open source match ↗

20 received units · includes a constructor
99 metal received · 11640 energy received

Allied construction assistance is unknown. Timings are observations, not a promise of solo reproducibility.

Typical milestones

Bot Lab0:40Middle 50%: 0:34–0:46 · n=151
Advanced Metal Extractor9:05Middle 50%: 8:08–10:29 · n=131

Played most by

Hummell19games of this buildwatermeloans19games of this buildiLike2Eco12games of this buildCentientWaffle9games of this buildGeeGee7games of this build